3AA
BETHESDA ATOMS @ ATHLETIC CLUB KC ACADEMY
06/26/2042
 
TOP OF THE 1ST
Bethesda Atoms batting - Pitching for Athletic Club KC Academy : LHP Willie Woodward
Pitching: LHP Willie Woodward
Batting: RHB Xiao-yong Chu 0-0: Ball
1-0: Ball
2-0: Ball
3-0: Called Strike
3-1: Base on Balls
Batting: LHB Seung-jae Kyong 0-0: Called Strike
0-1: Ball
1-1: Foul Ball, location: 2F
1-2: Fielders Choice at 2nd, 6-4 (Groundball, 6, EV 81.9 MPH)
Batting: RHB Byron Shadix 0-0: Called Strike
0-1: Swinging Strike
0-2: Ball
1-2: Foul Ball, location: 2F
1-2: Foul Ball, location: 2F
1-2: Ball
2-2: Ball
3-2: Base on Balls
Seung-jae Kyong to second
Batting: LHB Vicente Torres 0-0: Ball
1-0: SINGLE (Line Drive, 7S, EV 86.2 MPH)
Seung-jae Kyong to third
Byron Shadix to second
Runner from 3rd tries for Home, SAFE, no throw by LF
Batting: LHB Ayub Kuthakwakulu 0-0: Ball
1-0: Ball
2-0: Called Strike
2-1: Swinging Strike
2-2: Foul Ball, location: 2F
2-2: Ball
3-2: Foul Ball, location: 2F
3-2: Fly out, F8 (Flyball, 8RD, EV 101.9 MPH)
Batting: RHB Scipione Borghese 0-0: Called Strike
0-1: Called Strike
0-2: Ground out U3 (Groundball, 3, EV 85.0 MPH)
Top of the 1st over - 1 run, 1 hit, 0 errors, 2 left on base; Bethesda 1 - Athletic Club KC Academy 0
BOTTOM OF THE 1ST
Athletic Club KC Academy batting - Pitching for Bethesda Atoms : RHP Ángel Franco
Pitching: RHP Ángel Franco
Batting: RHB Daniel Hannaford 0-0: Ball
1-0: Called Strike
1-1: Ground out 6-3 (Groundball, 6M, EV 81.2 MPH)
Batting: SHB Tosya Mndoyants 0-0: Called Strike
0-1: Fly out, F9 (Flyball, 9S, EV 88.8 MPH)
Batting: RHB Neal Lewis 0-0: Ball
1-0: Fly out, F9 (Line Drive, 9, EV 91.9 MPH)
Bottom of the 1st over - 0 runs, 0 hits, 0 errors, 0 left on base; Bethesda 1 - Athletic Club KC Academy 0
TOP OF THE 2ND
Bethesda Atoms batting - Pitching for Athletic Club KC Academy : LHP Willie Woodward
Batting: RHB Jorge Gardella 0-0: Ball
1-0: Foul Ball, location: 2F
1-1: Ball
2-1: Swinging Strike
2-2: Foul Ball, location: 2F
2-2: Ball
3-2: Fly out, F6 (Flyball, 56D, EV 86.2 MPH)
Batting: RHB Lachlan Thurgood 0-0: Ball
1-0: Fly out, F9 (Flyball, 9LS, EV 92.5 MPH)
Batting: LHB Manny Medina 0-0: Ball
1-0: Ball
2-0: Called Strike
2-1: Ground out 1-3 (Groundball, P, EV 91.2 MPH)
Top of the 2nd over - 0 runs, 0 hits, 0 errors, 0 left on base; Bethesda 1 - Athletic Club KC Academy 0
BOTTOM OF THE 2ND
Athletic Club KC Academy batting - Pitching for Bethesda Atoms : RHP Ángel Franco
Batting: RHB Tim Hendricks 0-0: Fly out, F8 (Flyball, 8RD, EV 90.6 MPH)
Batting: LHB Carl Zimerman 0-0: Swinging Strike
0-1: Foul Ball, location: 2F
0-2: Ball
1-2: Ball
2-2: DOUBLE (Line Drive, 9LM, EV 92.5 MPH)
Batting: SHB Ross Evans 0-0: Ball
1-0: Ball
Carl Zimerman steals 3rd base
2-0: Foul Ball, location: 2F
2-1: Swinging Strike
2-2: Foul Ball, location: 2F
2-2: Fly out, F8 (Flyball, 8LS, EV 90.0 MPH)
Batting: RHB Mike Welch 0-0: Ball
1-0: Ball
2-0: Swinging Strike
2-1: Called Strike
2-2: Strikes out looking
Bottom of the 2nd over - 0 runs, 1 hit, 0 errors, 1 left on base; Bethesda 1 - Athletic Club KC Academy 0
TOP OF THE 3RD
Bethesda Atoms batting - Pitching for Athletic Club KC Academy : LHP Willie Woodward
Batting: RHB Xiao-yong Chu 0-0: Ball
1-0: Ball
2-0: Foul Ball, location: 2F
2-1: Swinging Strike
2-2: Ball
3-2: Ground out 4-3 (Groundball, 34, EV 103.1 MPH)
Batting: LHB Seung-jae Kyong 0-0: Called Strike
0-1: Foul Ball, location: 2F
0-2: Ball
1-2: Ball
2-2: Foul Ball, location: 2F
2-2: Reached on error, E4 (Groundball, 4, EV 105.0 MPH)
Batting: RHB Byron Shadix 0-0: Ball
1-0: Foul Ball, location: 2F
1-1: Ball
2-1: Ball
3-1: Foul Ball, location: 2F
3-2: Base on Balls
Seung-jae Kyong to second
Batting: LHB Vicente Torres 0-0: Ball
1-0: Called Strike
1-1: Swinging Strike
1-2: Strikes out looking
Batting: LHB Ayub Kuthakwakulu 0-0: Called Strike
0-1: Ball
1-1: Foul Ball, location: 2F
1-2: Ball
2-2: Ball
3-2: Fly out, F6 (Popup, 5D, EV 48.1 MPH)
Top of the 3rd over - 0 runs, 0 hits, 1 error, 2 left on base; Bethesda 1 - Athletic Club KC Academy 0
BOTTOM OF THE 3RD
Athletic Club KC Academy batting - Pitching for Bethesda Atoms : RHP Ángel Franco
Batting: LHB Octávio Castaneda 0-0: Called Strike
0-1: Foul Ball, location: 2F
0-2: Strikes out swinging
Batting: RHB Matt Evans 0-0: Called Strike
0-1: Swinging Strike
0-2: Ground out 6-3 (Groundball, 6, EV 78.8 MPH)
Batting: RHB Daniel Hannaford 0-0: Called Strike
0-1: Swinging Strike
0-2: Ball
1-2: Foul Ball, location: 2F
1-2: Foul Ball, location: 2F
1-2: Foul Ball, location: 2F
1-2: Strikes out swinging
Bottom of the 3rd over - 0 runs, 0 hits, 0 errors, 0 left on base; Bethesda 1 - Athletic Club KC Academy 0
TOP OF THE 4TH
Bethesda Atoms batting - Pitching for Athletic Club KC Academy : LHP Willie Woodward
Batting: RHB Scipione Borghese 0-0: Called Strike
0-1: Foul Ball, location: 2F
0-2: Foul Ball, location: 2F
0-2: Ground out 4-3 (Groundball, 4, EV 96.2 MPH)
Batting: RHB Jorge Gardella 0-0: Called Strike
0-1: Called Strike
0-2: Ball
1-2: Ball
2-2: Ball
3-2: Foul Ball, location: 2F
3-2: Reached on error, E5 (Groundball, 5L, EV 90.6 MPH)
Batting: RHB Lachlan Thurgood 0-0: Ball
1-0: Ball
2-0: Called Strike
2-1: Foul Ball, location: 2F
2-2: Foul Ball, location: 2F
2-2: Foul Ball, location: 2F
2-2: Ball
3-2: Base on Balls
Batting: LHB Manny Medina 0-0: Called Strike
0-1: Fly out, F7 (Flyball, 78M, EV 94.4 MPH)
Batting: RHB Xiao-yong Chu 0-0: Ball
1-0: Fly out, F3 (Popup, 34S, EV 61.9 MPH)
Top of the 4th over - 0 runs, 0 hits, 1 error, 2 left on base; Bethesda 1 - Athletic Club KC Academy 0
BOTTOM OF THE 4TH
Athletic Club KC Academy batting - Pitching for Bethesda Atoms : RHP Ángel Franco
Batting: SHB Tosya Mndoyants 0-0: Foul Ball, location: 2F
0-1: Ball
1-1: SINGLE (Line Drive, 56D, EV 108.1 MPH)
Batting: RHB Neal Lewis 0-0: Called Strike
Tosya Mndoyants steals 2nd base
0-1: Ball
1-1: Foul Ball, location: 2F
1-2: Foul Ball, location: 2F
1-2: SINGLE (Line Drive, 9S, EV 88.1 MPH)
Tosya Mndoyants to third
Runner from 3rd tries for Home, SAFE, no throw by RF
Batting: RHB Tim Hendricks 0-0: Ball
1-0: Foul Ball, location: 2F
1-1: Foul Ball, location: 2F
1-2: Grounds into double play, 6-4-3 (Groundball, 6, EV 99.4 MPH)
Batting: LHB Carl Zimerman 0-0: Called Strike
0-1: Foul Ball, location: 2F
0-2: Strikes out swinging
Bottom of the 4th over - 1 run, 2 hits, 0 errors, 0 left on base; Bethesda 1 - Athletic Club KC Academy 1
TOP OF THE 5TH
Bethesda Atoms batting - Pitching for Athletic Club KC Academy : LHP Willie Woodward
Batting: LHB Seung-jae Kyong 0-0: Called Strike
0-1: Ball
1-1: SINGLE (Line Drive, 8LS, EV 94.4 MPH)
Pitching: RHP Júlio Ibáñaz
Batting: RHB Byron Shadix 0-0: Called Strike
0-1: Called Strike
0-2: Ball
1-2: Foul Ball, location: 2F
1-2: Fly out, F3 (Popup, 23, EV 87.5 MPH)
Batting: LHB Vicente Torres 0-0: Foul Ball, location: 2F
0-1: Swinging Strike
0-2: Ball
1-2: Ball
2-2: Foul Ball, location: 2F
2-2: Ball
3-2: Foul Ball, location: 2F
3-2: Strikes out swinging
Batting: LHB Ayub Kuthakwakulu 0-0: Swinging Strike
0-1: SINGLE (Groundball, 34, EV 110.6 MPH) (infield hit)
Seung-jae Kyong to second
Batting: RHB Scipione Borghese 0-0: Fielders Choice at 2nd, 6-4 (Groundball, 6, EV 81.9 MPH)
Top of the 5th over - 0 runs, 2 hits, 0 errors, 2 left on base; Bethesda 1 - Athletic Club KC Academy 1
BOTTOM OF THE 5TH
Athletic Club KC Academy batting - Pitching for Bethesda Atoms : RHP Ángel Franco
Batting: SHB Ross Evans 0-0: Ball
1-0: Fly out, F9 (Flyball, 9S, EV 88.8 MPH)
Batting: RHB Mike Welch 0-0: Swinging Strike
0-1: Ground out 6-3 (Groundball, 6, EV 86.2 MPH)
Batting: LHB Octávio Castaneda 0-0: Called Strike
0-1: Reached on error, E6 (Groundball, 6M, EV 85.6 MPH)
Batting: RHB Matt Evans 0-0: Fielders Choice at 2nd, 5-4 (Groundball, 5, EV 96.2 MPH)
Bottom of the 5th over - 0 runs, 0 hits, 1 error, 1 left on base; Bethesda 1 - Athletic Club KC Academy 1
TOP OF THE 6TH
Bethesda Atoms batting - Pitching for Athletic Club KC Academy : RHP Júlio Ibáñaz
Batting: RHB Jorge Gardella 0-0: Ball
1-0: Ground out 3-1 (Groundball, 34S, EV 88.1 MPH)
Batting: RHB Lachlan Thurgood 0-0: Fly out, F8 (Flyball, 89D, EV 98.8 MPH)
Batting: LHB Manny Medina 0-0: Ball
1-0: Ground out 3-1 (Groundball, 3S, EV 90.6 MPH)
Top of the 6th over - 0 runs, 0 hits, 0 errors, 0 left on base; Bethesda 1 - Athletic Club KC Academy 1
BOTTOM OF THE 6TH
Athletic Club KC Academy batting - Pitching for Bethesda Atoms : RHP Ángel Franco
Batting: RHB Daniel Hannaford 0-0: Called Strike
0-1: Ground out 6-3 (Groundball, 6, EV 106.9 MPH)
Batting: SHB Tosya Mndoyants 0-0: Ball
1-0: Ball
2-0: Ground out 4-3 (Groundball, 4, EV 79.4 MPH)
Batting: RHB Neal Lewis 0-0: Ball
1-0: Foul Ball, location: 2F
1-1: Ground out 5-3 (Groundball, 5, EV 84.4 MPH)
Bottom of the 6th over - 0 runs, 0 hits, 0 errors, 0 left on base; Bethesda 1 - Athletic Club KC Academy 1
TOP OF THE 7TH
Bethesda Atoms batting - Pitching for Athletic Club KC Academy : RHP Júlio Ibáñaz
Batting: RHB Xiao-yong Chu 0-0: Swinging Strike
0-1: Ground out 6-3 (Groundball, 6, EV 86.2 MPH)
Batting: LHB Seung-jae Kyong 0-0: Ball
1-0: Ball
2-0: Called Strike
2-1: Fly out, F5 (Popup, 5S, EV 85.0 MPH)
Batting: RHB Byron Shadix 0-0: Ball
1-0: Ball
2-0: SINGLE (Flyball, 8LS, EV 92.5 MPH)
Batting: LHB Vicente Torres 0-0: Called Strike
0-1: Ball
1-1: SINGLE (Line Drive, 6MD, EV 105.6 MPH)
Byron Shadix to second
Batting: LHB Ayub Kuthakwakulu 0-0: Ball
1-0: Foul Ball, location: 2F
1-1: Foul Ball, location: 2F
1-2: Strikes out looking
Top of the 7th over - 0 runs, 2 hits, 0 errors, 2 left on base; Bethesda 1 - Athletic Club KC Academy 1
BOTTOM OF THE 7TH
Athletic Club KC Academy batting - Pitching for Bethesda Atoms : RHP Ángel Franco
Batting: RHB Tim Hendricks 0-0: DOUBLE (Flyball, 8RXD, EV 93.1 MPH)
Batting: LHB Carl Zimerman 0-0: Foul Ball, location: 2F
0-1: Foul Ball, location: 2F
0-2: Fly out, F5 (Popup, 5SF, EV 78.1 MPH)
Batting: SHB Ross Evans 0-0: Called Strike
0-1: Swinging Strike
0-2: Ball
1-2: Strikes out swinging, 2-3 out at first.
Batting: RHB Mike Welch 0-0: Ball
1-0: Ball
2-0: Called Strike
2-1: Foul Ball, location: 2F
2-2: Ball
3-2: 2-RUN HOME RUN (Flyball, 7D, EV 105.0 MPH), Distance : 382 ft
Batting: LHB Octávio Castaneda 0-0: Foul Ball, location: 2F
0-1: Swinging Strike
0-2: Strikes out looking
Bottom of the 7th over - 2 runs, 2 hits, 0 errors, 0 left on base; Bethesda 1 - Athletic Club KC Academy 3
TOP OF THE 8TH
Bethesda Atoms batting - Pitching for Athletic Club KC Academy : RHP Júlio Ibáñaz
Pitching: LHP Jorge Guarte
Batting: RHB Scipione Borghese 0-0: Ball
1-0: Ball
2-0: SINGLE (Line Drive, 9S, EV 101.2 MPH)
Batting: RHB Jorge Gardella 0-0: Called Strike
0-1: Foul Ball, location: 2F
0-2: Ball
1-2: Foul Ball, location: 2F
1-2: Foul Ball, location: 2F
1-2: Ball
2-2: Foul Ball, location: 2F
2-2: Ball
3-2: Base on Balls
Scipione Borghese to second
Batting: RHB Lachlan Thurgood 0-0: Ball
1-0: Swinging Strike
1-1: Called Strike
1-2: Ball
2-2: Strikes out looking
Pinch Hitting: SHB Christian Davis 0-0: Swinging Strike
0-1: Called Strike
0-2: Strikes out swinging
Batting: RHB Xiao-yong Chu 0-0: Ball
1-0: Foul Ball, location: 2F
1-1: Fly out, F9 (Flyball, 9LS, EV 82.5 MPH)
Top of the 8th over - 0 runs, 1 hit, 0 errors, 2 left on base; Bethesda 1 - Athletic Club KC Academy 3
BOTTOM OF THE 8TH
Athletic Club KC Academy batting - Pitching for Bethesda Atoms : RHP Ángel Franco
Now at 1B: Reynaldo Pérez
Batting: RHB Matt Evans 0-0: Ball
1-0: Ground out 4-3 (Groundball, 4, EV 88.1 MPH)
Batting: RHB Daniel Hannaford 0-0: Foul Ball, location: 2F
0-1: Foul Ball, location: 2F
0-2: Foul Ball, location: 2F
0-2: Ball
1-2: Ball
2-2: Foul Ball, location: 2F
2-2: Ball
3-2: Foul Ball, location: 2F
3-2: Foul Ball, location: 2F
3-2: Foul Ball, location: 2F
3-2: Fly out, F4 (Line Drive, 4, EV 71.2 MPH)
Batting: SHB Tosya Mndoyants 0-0: Foul Ball, location: 2F
0-1: DOUBLE (Line Drive, 7LS, EV 103.8 MPH)
Pitching: RHP Wilson Molina
Batting: RHB Neal Lewis 0-0: Called Strike
0-1: Ball
1-1: Foul Ball, location: 2F
1-2: Strikes out swinging
Bottom of the 8th over - 0 runs, 1 hit, 0 errors, 1 left on base; Bethesda 1 - Athletic Club KC Academy 3
TOP OF THE 9TH
Bethesda Atoms batting - Pitching for Athletic Club KC Academy : LHP Jorge Guarte
Batting: LHB Seung-jae Kyong 0-0: Ball
1-0: Ball
2-0: Called Strike
2-1: SINGLE (Line Drive, 7LS, EV 97.5 MPH)
Batting: RHB Byron Shadix 0-0: Foul Ball, location: 2F
0-1: Ball
1-1: Ball
2-1: Fielders Choice at 2nd, 4-6 (Groundball, 4, EV 80.6 MPH)
Pitching: LHP Gabel Ambrosius
Batting: LHB Vicente Torres 0-0: Ball
1-0: Called Strike
1-1: Foul Ball, location: 2F
1-2: Ball
2-2: Foul Ball, location: 2F
2-2: Hit by Pitch
Byron Shadix to second
Batting: LHB Ayub Kuthakwakulu 0-0: Called Strike
0-1: Fly out, F8 (Flyball, 8LS, EV 85.6 MPH)
Batting: RHB Scipione Borghese 0-0: Ball
1-0: Ball
2-0: Swinging Strike
2-1: Fly out, F8 (Flyball, 8RD, EV 97.5 MPH)
Top of the 9th over - 0 runs, 1 hit, 0 errors, 2 left on base; Bethesda 1 - Athletic Club KC Academy 3
Friday, March 26th, 2021 - OOTP Baseball 20.8 Build 74